 Dungeon Crawl Stone Soup version 0.29-a0-284-gf9362112df (webtiles) character file.

Game seed: 3537512597011723554

67 Sweetruy1997 the Chopper (level 4, -5/41 HPs)
             Began as a Hill Orc Monk on Mar 26, 2022.
             Slain by an iguana (7 damage)
             ... on level 2 of the Dungeon.
             The game lasted 00:03:29 (1647 turns).

Sweetruy1997 the Chopper (Hill Orc Monk)            Turns: 1647, Time: 00:03:30

Health: -5/41      AC:  8    Str: 13    XL:     4   Next: 16%
Magic:  4/4        EV: 10    Int: 10    God:
Gold:   144        SH:  0    Dex: 15    Spells: 3/3 levels left

rFire   . . .      SeeInvis .   a - +0 hand axe
rCold   . . .      Faith    .   (no shield)
rNeg    . . .      Spirit   .   g - +2 scale mail
rPois   .          Reflect  .   (no helmet)
rElec   .          Harm     .   (no cloak)
rCorr   .          Rampage  .   (no gloves)
Will    .....                   (no boots)
Stlth   +.........              (no amulet)
HPRegen 0.13/turn               (no ring)
MPRegen 0.09/turn               (no ring)

@: no status effects
A: no striking features
a: no special abilities


You were on level 2 of the Dungeon.
You visited 1 branch of the dungeon, and saw 2 of its levels.

You collected 144 gold pieces.

Inventory:

Hand Weapons
 a - a +0 hand axe (weapon)
Armour
 g - a +2 scale mail (worn)
Scrolls
 b - a scroll of identify {unknown}
 d - a scroll of silence {unknown}
 e - a scroll of magic mapping {unknown}
 h - a scroll of amnesia {unknown}
 i - a scroll of immolation {unknown}
 k - a scroll of teleportation
Potions
 c - 3 potions of ambrosia
 f - a potion of might {unknown}
 l - a potion of resistance {unknown}


   Skills:
 + Level 4.5 Fighting
 + Level 5.2 Axes
 + Level 0.1 Armour
 + Level 2.8 Dodging
 + Level 1.5 Stealth


You had 3 spell levels left.
You didn't know any spells.
Your spell library contained the following spells:

 Spells                   Type           Power      Damage    Failure   Level
 Corpse Rot               Necr/Air       0%         N/A       96%         2
 Poisonous Vapours        Pois/Air       0%         N/A       96%         2


Dungeon Overview and Level Annotations

Branches:
Dungeon (2/15)

Altars:


Message History

The iguana is lightly wounded.
The iguana bites you.
You hit the iguana.
The iguana is moderately wounded.
The iguana barely misses you.
You hit the iguana but do no damage.
The iguana is moderately wounded.
The iguana bites you.
You hit the iguana.
The iguana is moderately wounded.
The iguana bites you but does no damage.
You hit the iguana.
The iguana is heavily wounded.
The iguana bites you!
You are too injured to fight recklessly!
You are too injured to fight recklessly!
You are too injured to fight recklessly!
You are too injured to fight recklessly!
You barely miss the iguana.
The iguana is heavily wounded.
The iguana completely misses you.
You hit the iguana but do no damage.
The iguana is heavily wounded.
The iguana barely misses you.
You hit the iguana but do no damage.
The iguana is heavily wounded.
The iguana completely misses you.
You hit the iguana but do no damage.
The iguana is heavily wounded.
The iguana bites you!
* * * LOW HITPOINT WARNING * * *
You closely miss the iguana.
The iguana is heavily wounded.
The iguana hisses menacingly.
The iguana bites you.
* * * LOW HITPOINT WARNING * * *
You hit the iguana.
The iguana is severely wounded.
The iguana bites you!
You die...

# #. ##.. #...<
#.....##### #...l@..#
#.#####.# #.# #.#
##########
#.#####.#####.......†#
#.>...................
#..####(............†#
#######........#
#........#


You could see an iguana.

Vanquished Creatures
  2 adders (D:2)
  A dart slug (D:1)
  4 endoplasms
  2 giant cockroaches (D:2)
  2 goblins (D:1)
  3 hobgoblins
  7 jackals
  2 kobolds (D:1)
  4 quokkas
  4 ball pythons (D:1)
  5 bats
  A frilled lizard (D:2)
  5 rats
42 creatures vanquished.

Vanquished Creatures (others)
  A plant (D:1)
1 creature vanquished.

Grand Total: 43 creatures vanquished

Notes
Turn   | Place    | Note
-------+----------+-------------------------------------------
     0 | D:1      | Sweetruy1997 the Hill Orc Monk began the quest for the Orb.
     0 | D:1      | Reached XP level 1. HP: 19/19 MP: 1/1
   254 | D:1      | Reached XP level 2. HP: 22/27 MP: 2/2
   786 | D:1      | Reached XP level 3. HP: 31/33 MP: 3/3
   914 | D:1      | Found a faded altar of an unknown god.
  1435 | D:2      | Reached skill level 5 in Axes
  1505 | D:2      | Reached XP level 4. HP: 40/41 MP: 4/4
  1646 | D:2      | HP: 2/41 [iguana (6)]
  1647 | D:2      | Slain by an iguana

Illustrated notes

Levels and vault maps discovered:
D:1:      nzn_arrival_crosshair, layout_rooms, dreamdust_ecumenical_altar_grove,
          kennysheep_decorative_pillar, serial_bayou_crossing
D:2:      layout_basic, uniq_sigmund

Skill      XL: |  1  2  3 |
---------------+----------+-----
Fighting       | 4 |  4.5
Axes           | 5 |  5.2
Armour         | |  0.1
Dodging        | |  2.8
Stealth        | |  1.5

Action                   |  1- 3 |  4- 6 || total
-------------------------+-------+-------++-------
Melee: Hand axe          |   134 |    31 ||   165
       Punch             |     1 |       ||     1
Throw: Throwing net      |     1 |       ||     1
  Use: Scroll            |     3 |       ||     3
Armor: Robe              |    18 |       ||    18
       Scale mail        |    42 |    17 ||    59
Dodge: Dodged            |    98 |    27 ||   125

Table legend: (Time is in decaauts)
 A = Elapsed time spent in this place.
 B = Non-inter-level travel time spent in this place.
 C = Inter-level travel time spent in this place.
 D = Time resting spent in this place.
 E = Time spent auto-exploring this place.
 F = Levels seen in this place.
 G = Mean time per level.
                   A        B        C        D        E       F      G
               +--------+--------+--------+--------+--------+-----+--------+
         Total |   1668 |   1647 |     21 |    259 |   1044 |   2 |  834.0 |
       Dungeon |   1668 |   1647 |     21 |    259 |   1044 |   2 |  834.0 |
               +--------+--------+--------+--------+--------+-----+--------+

Top non-repeatable levels by time:
     D:1: 1078 daAuts
     D:2: 589 daAuts
